 Dungeon Crawl Stone Soup version 0.28-a0-511-gcc94558de3 (webtiles) character file.

Game seed: 12472508475202338258

0 meatgazer the Skirmisher (level 1, -24/18 HPs)
             Began as a Demonspawn Abyssal Knight on Sept 21, 2021.
             Was a Follower of Lugonu.
             Annihilated by a tentacled starspawn (39 damage)
             ... on level 2 of the Abyss.
             The game lasted 00:00:27 (172 turns).

meatgazer the Skirmisher (Demonspawn Abyssal Knight) Turns: 172, Time: 00:00:27

Health: -24/18     AC:  3    Str: 13    XL:     1   Next: 0%
Magic:  2/2        EV: 11    Int: 11    God:    Lugonu [*.....]
Gold:   39         SH:  0    Dex: 13    Spells: 0/0 levels left

rFire   . . .      SeeInvis .   a - +1 falchion
rCold   . . .      Faith    .   (no shield)
rNeg    . . .      Spirit   .   b - +0 leather armour
rPois   .          Reflect  .   (no helmet)
rElec   .          Harm     .   (no cloak)
rCorr   .          Rampage  .   (no gloves)
Will    .....                   (no boots)
Stlth   +.........              (no amulet)
HPRegen 0.06/turn               (no ring)
MPRegen 0.08/turn               (no ring)

@: no status effects
A: no striking features
a: Renounce Religion, Depart the Abyss


You were on level 2 of the Abyss.
You worshipped Lugonu.
Lugonu was aware of your devotion.
You visited 0 branches of the dungeon, and saw 0 of its levels.
You visited the Abyss 1 time.

You collected 39 gold pieces.

Inventory:

Hand Weapons
 a - a +1 falchion (weapon)
Armour
 b - a +0 leather armour (worn)
Potions
 c - a potion of flight {unknown}


   Skills:
 + Level 3.0 Fighting
 + Level 1.7 Long Blades
 + Level 1.7 Armour
 + Level 0.8 Dodging
 + Level 2.4 Invocations


You couldn't memorise any spells.
You didn't know any spells.
Your spell library was empty.

Dungeon Overview and Level Annotations

Branches:
Dungeon (0/15)

Altars:


Message History

Press ? for a list of commands and other information.
Found a corrupted altar of Lugonu.
Found a gateway leading out of the Abyss.
Found a short sword.
You now have 18 gold pieces.
Found a gateway leading deeper into the Abyss.
Found a pair of boots.
There is a gateway leading deeper into the Abyss here.
You plunge deeper into the Abyss.
Found a fizzy yellow potion.
c - a fizzy yellow potion A lurking horror comes into view.
You see here 21 gold pieces.
You now have 39 gold pieces (gained 21).
You start waiting.
A lurking horror is nearby!
A lurking horror is nearby!
A lurking horror is nearby!
A lurking horror is nearby!
You start waiting.
A lurking horror is nearby!
You closely miss the lurking horror.
Your body is wracked with pain!
You start resting.
You start resting.
A tentacled starspawn comes into view.
A tentacled starspawn is nearby!
A tentacled starspawn is nearby!
You start resting.
A tentacled starspawn is nearby!
You hit the tentacled starspawn.
The tentacled starspawn is lightly damaged.
The tentacled starspawn bites you.
The tentacled starspawn closely misses you.
You hit the tentacled starspawn.
The tentacled starspawn is lightly damaged.
You slash the tentacled starspawn!
The tentacled starspawn is lightly damaged.
The tentacled starspawn bites you!!!
Ouch! That really hurt!
You die...

# . # . * .
. . . . .
##. # . .
.#..# . #.
. .. # .# .
. . . . . .
X# #
.####.#.#..
#
#@#.....#.
##X# # .
#.## . ###


You could see a tentacled starspawn.

Vanquished Creatures (others)
  A lurking horror (Abyss:2)
1 creature vanquished.

Notes
Turn   | Place    | Note
-------+----------+-------------------------------------------
     0 | Abyss:1  | meatgazer the Demonspawn Abyssal Knight began the quest for
                  | the Orb.
     0 | Abyss:1  | Reached XP level 1. HP: 18/18 MP: 2/2
   165 | Abyss:2  | Noticed a tentacled starspawn
   172 | Abyss:2  | Annihilated by a tentacled starspawn

Illustrated notes

Levels and vault maps discovered:
Abyss:2:  base:
Temple

Action                   || total
-------------------------++-------
Melee: Falchion          ||     4
Dodge: Dodged            ||     1

Table legend: (Time is in decaauts)
 A = Elapsed time spent in this place.
 B = Non-inter-level travel time spent in this place.
 C = Inter-level travel time spent in this place.
 D = Time resting spent in this place.
 E = Time spent auto-exploring this place.
 F = Levels seen in this place.
 G = Mean time per level.
                   A        B        C        D        E       F      G
               +--------+--------+--------+--------+--------+-----+--------+
         Total |    172 |    172 |      0 |    109 |     32 |   2 |   86.0 |
         Abyss |    172 |    172 |      0 |    109 |     32 |   2 |   86.0 |
               +--------+--------+--------+--------+--------+-----+--------+

Top non-repeatable levels by time:
 Abyss:2: 139 daAuts
 Abyss:1: 33 daAuts
